 Dungeon Crawl Stone Soup version 0.30.0-19-g36f170ea60 (webtiles) character file.

Game seed: 2385528810344656636

191 Ijustatesigmund the Conjurer (level 5, -1/35 HPs)
             Began as an Octopode Conjurer on June 1, 2023.
             Slain by an acid dragon (4 damage)
             ... on level 4 of the Dungeon.
             The game lasted 00:06:26 (4180 turns).

Ijustatesigmund the Conjurer (Octopode Conjurer)    Turns: 4180, Time: 00:06:27

Health: -1/35      AC:  1    Str:  6    XL:     5   Next: 70%
Magic:  9/9        EV: 13    Int: 22    God:
Gold:   23         SH:  0    Dex: 11    Spells: 3/10 levels left

rFire   . . .        c - +0 war axe (vamp)
rCold   . . .        (no shield)
rNeg    + . .        (helmet restricted)
rPois   .            (no amulet)
rElec   .            m - ring of positive energy
rCorr   .            p - ring of willpower
SInv    .            (no ring)
Will    +....        (no ring)
Stlth   +++          (no ring)
HPRegen 0.25/turn    (no ring)
MPRegen 0.11/turn    (no ring)
                     (no ring)

%: no passive effects
@: no status effects
A: almost no armour, amphibious, 8 rings, camouflage 1, gelatinous body 1,
(nimble swimmer 1), tentacles
a: no special abilities


You were on level 4 of the Dungeon.
You visited 2 branches of the dungeon, and saw 5 of its levels.

You collected 263 gold pieces.
You spent 240 gold pieces at shops.

Inventory:

Hand Weapons
 c - a +0 vampiric war axe (weapon)
Jewellery
 m - a ring of positive energy (left tentacle)
 p - a ring of willpower (right tentacle)
Wands
 l - a wand of digging (5)
 n - a wand of paralysis (9)
Scrolls
 e - a scroll of amnesia
 j - a scroll of teleportation
 k - a scroll of fog
 r - a scroll of blinking
Potions
 a - 2 potions of magic
 b - 2 potions of flight
 d - a potion of haste
 f - 2 potions of curing
 g - a potion of mutation
 h - 2 potions of lignification {unknown}
 i - a potion of brilliance {unknown}
 o - a potion of heal wounds {unknown}


   Skills:
 + Level 2.6 Fighting
 + Level 1.4 Axes
 - Level 2.0 Dodging
 - Level 2.6 Stealth
 + Level 3.2 Spellcasting
 - Level 4.6 Conjurations
 + Level 1.4 Translocations


You had 3 spell levels left.
You knew the following spells:

 Your Spells              Type           Power      Damage    Failure   Level
a - Magic Dart            Conj           92%        1d7       1%          1
b - Searing Ray           Conj           46%        2d6       2%          2
c - Iskenderun's Mystic   Conj/Tloc      16%        2d5       34%         4

Your spell library contained the following spells:

 Spells                   Type           Power      Damage    Failure   Level
 Kiss of Death            Conj/Necr      52%        2d9       4%          1
 Dazzling Flash           Conj/Hex       26%        N/A       14%         3
 Confusing Touch          Hex            3%         N/A       36%         3
 Fulminant Prism          Conj/Hex       6%         3d7       43%         4
 Dispel Undead            Necr           3%         3d7       77%         4
 Chain Lightning          Conj/Air       6%         3d8       100%        9
 Fire Storm               Conj/Fire      6%         8d2       100%        9
 Shatter                  Erth           1%         3d6*      100%        9


Dungeon Overview and Level Annotations

Branches:
Dungeon (4/15)             Temple (1/1) D:4

Altars:
Ashenzari
Dithmenos
Elyvilon
Gozag
Kikubaaqudgha
Nemelex Xobeh
Qazlal
Ru
Vehumet
Wu Jian
Xom
Yredelemnul

Shops:
D:3 :!?[


Innate Abilities, Weirdness & Mutations

You cannot wear most types of armour.
You are amphibious.
You can wear up to eight rings at the same time.
Your skin changes colour to match your surroundings (Stealth+).
Your rubbery body absorbs attacks. (AC +1, EV +1)
((You are camouflaged when in or above water. (Stealth+)))
You have tentacles for arms and can constrict up to eight enemies at once.


Message History

Where to? (Enter - D:3 @ (x,y), ? - help)
There is an open door here.
There is a stone staircase leading down here.
You climb downwards.
There is a stone staircase leading up here.
Found 18 gold pieces.
Found a stone staircase leading down.
You see here a jackal corpse.
You see here a wand of paralysis (9).
A jackal is nearby!
The jackal closely misses you.
You hit the jackal. You grab the jackal. Your squeeze misses the jackal.
The jackal is severely wounded.
You constrict the jackal. The jackal misses you. The jackal barely misses you.
You hit the jackal.
You kill the jackal!
No target in view!
No target in view!
No target in view!
No target in view!
No target in view!
No target in view!
No target in view!
No target in view!
No target in view!
No target in view!
No target in view!
No target in view!
No target in view!
You now have 23 gold pieces (gained 18).
n - a wand of paralysis (9)
There is a stone staircase leading down here.
An acid dragon comes into view.
You closely miss the acid dragon. The acid dragon bites you!
The acid dragon barely misses you.
You barely miss the acid dragon. The acid dragon barely misses you.
The acid dragon claws you. The acid dragon bites you!
* * * LOW HITPOINT WARNING * * *
The acid dragon claws you.
You die...

##.....## #.......
#.#......# #.#......#
#.#......# #####
#.#......# ....#
#.#......# ....#
#.#..@D..##
....########.#..........
....>...................
.....#########.#####....
............<#.# ...
.....†.#.#####.## ..
.......+......... .
.......#.###.....
.......#..# ....


You could see an acid dragon.

Vanquished Creatures
  A scorpion (D:4)
  A sleepcap (D:3)
  3 adders (D:2)
  3 worms
  2 dart slugs (D:3)
  An orc (D:4)
  7 ball pythons
  7 endoplasms
  4 giant cockroaches
  2 goblins (D:3)
  4 hobgoblins
  5 jackals
  8 kobolds
  6 quokkas
  3 bats
  2 frilled lizards (D:2)
  3 rats
62 creatures vanquished.

Notes
Turn   | Place    | Note
-------+----------+-------------------------------------------
     0 | D:1      | Ijustatesigmund the Octopode Conjurer began the quest for
                  | the Orb.
     0 | D:1      | Reached XP level 1. HP: 11/11 MP: 3/3
   378 | D:1      | Reached XP level 2. HP: 18/18 MP: 0/5
   699 | D:1      | Reached skill level 1 in Fighting
  1152 | D:2      | Reached XP level 3. HP: 23/23 MP: 2/6
  1684 | D:2      | Reached XP level 4. HP: 29/29 MP: 2/8
  2284 | D:2      | Learned a level 2 spell: Searing Ray
  2289 | D:2      | Learned a level 4 spell: Iskenderun's Mystic Blast
  2401 | D:3      | Found a stormy altar of Qazlal.
  2422 | D:3      | Found an ornate altar of the Wu Jian Council.
  2533 | D:3      | Found Peqegab's Magic Scroll Shoppe.
  2538 | D:3      | Found Wefaitz's Antique Armour Shop.
  2607 | D:3      | Bought a scroll of identify for 20 gold pieces
  2607 | D:3      | Bought a scroll of identify for 20 gold pieces
  2607 | D:3      | Bought a scroll of teleportation for 30 gold pieces
  2861 | D:3      | Found Rebboch's Distillery.
  2916 | D:3      | Found a shadowy altar of Dithmenos.
  2999 | D:3      | Reached XP level 5. HP: 5/34 MP: 5/9
  3366 | D:3      | Found a sacrificial altar of Ru.
  3369 | D:3      | Found a shimmering altar of Xom.
  3477 | D:3      | Reached skill level 1 in Translocations
  3493 | D:3      | Found a broken altar of Ashenzari.
  3504 | D:3      | Found Xanyer's Book Emporium.
  3766 | D:4      | Reached skill level 1 in Axes
  3852 | D:4      | Found a staircase to the Ecumenical Temple.
  3879 | Temple   | Entered the Ecumenical Temple
  4118 | D:3      | Bought a scroll of brand weapon for 95 gold pieces
  4118 | D:3      | Bought a scroll of blinking for 75 gold pieces
  4173 | D:4      | Noticed an acid dragon
  4180 | D:4      | Slain by an acid dragon

Illustrated notes

Levels and vault maps discovered:
D:1:      dpeg_arrival_long_road, layout_basic, kennysheep_boxes
D:2:      layout_rooms, hex_medium
D:3:      layout_loops_corners, nicolae_dithmenos_through_a_glass_darkly,
          nicolae_overflow_hidden_temple, grunt_qazlal_sundering,
          mainiacjoe_overflow_small_starburst, serial_shops, shop_coins,
          nicolae_square_shop, nicolae_book_shop_shelving, shop
D:4:      layout_basic, minmay_temple_entry_glass
Temple:   hellmonk_temple_two_chambers

Skill      XL: |  1  2  3  4  5 |
---------------+----------------+-----
Fighting       | 1 2 |  2.6
Spellcasting   | 3 |  3.2
Translocations | 1 |  1.4
Axes           | 1 |  1.4
Dodging        | |  2.0
Stealth        | |  2.6
Conjurations   | |  4.6

Action                     |  1- 3 |  4- 6 || total
---------------------------+-------+-------++-------
  Melee: Unarmed           |    16 |       ||    16
         Tentacles         |     5 |     8 ||    13
         Constrict         |     4 |     7 ||    11
         Whip              |    16 |     6 ||    22
         War axe           |       |    34 ||    34
   Cast: Magic Dart        |    60 |    33 ||    93
         Searing Ray       |       |     2 ||     2
    Use: Scroll            |     1 |     6 ||     7
   Stab: Sleeping          |       |     4 ||     4
 Armour: Skin              |     3 |     5 ||     8
  Dodge: Dodged            |    22 |    28 ||    50
